 Dungeon Crawl Stone Soup version 0.30-a0-778-g2ef04afb54 (webtiles) character file.

Game seed: 1632652155932019293

28 sircluck the Trooper (level 3, -14/33 HPs)
             Began as a Hill Orc Fighter on Feb 16, 2023.
             Demolished by Sigmund
             ... wielding a +1 heavy scythe
              (21 damage)
             ... on level 2 of the Dungeon.
             The game lasted 00:02:12 (1194 turns).

sircluck the Trooper (Hill Orc Fighter)             Turns: 1194, Time: 00:02:12

Health: -14/33     AC:  7    Str: 20    XL:     3   Next: 12%
Magic:  3/3        EV:  9    Int:  8    God:
Gold:   104        SH:  0    Dex: 10    Spells: 2/2 levels left

rFire   . . .      SeeInvis .    a - +0 war axe
rCold   . . .      Faith    .    c - +0 buckler
rNeg    . . .      Spirit   .    b - +0 scale mail
rPois   .          Reflect  .    (no helmet)
rElec   .          Harm     .    (no cloak)
rCorr   .          Rampage  .    (no gloves)
Will    .....                    (no boots) Stlth
                                 (no amulet)
HPRegen 0.25/turn                (no ring)
MPRegen 0.08/turn                (no ring)

@: confused, mighty
A: no striking features
a: no special abilities


You were on level 2 of the Dungeon.
You visited 1 branch of the dungeon, and saw 2 of its levels.

You collected 104 gold pieces.

Inventory:

Hand Weapons
 a - a +0 war axe (weapon)
Missiles
 i - 2 poisoned darts (quivered)
Armour
 b - a +0 scale mail (worn)
 c - a +0 buckler (worn)
Jewellery
 g - an amulet of guardian spirit
Scrolls
 e - a scroll of torment {unknown}
 h - a scroll of enchant armour {unknown}
 j - a scroll of blinking {unknown}
Potions
 d - a potion of might
 f - 2 potions of attraction {unknown}


   Skills:
 + Level 3.9 Fighting
 + Level 3.1 Axes
 + Level 3.8 Armour
 + Level 3.6 Shields


You had 2 spell levels left.
You didn't know any spells.
Your spell library contained the following spells:

 Spells                   Type           Power      Damage    Failure   Level
 Vhi's Electric Charge    Tloc/Air       0%         N/A       99%         3
 Arcjolt                  Conj/Air       0%         1d10      100%        5
 Maxwell's Capacitive Co  Air            0%         ∞         100%        8


Dungeon Overview and Level Annotations

Branches:
Dungeon (2/15)

Altars:

Annotations:
D:2 Sigmund


Message History

You barely miss the quokka. Sigmund looks at you with fury.
Sigmund mumbles some strange words.
Sigmund flickers and vanishes!
Deactivating autopickup; reactivate with Ctrl-A.
The quokka misses you.
You hit the quokka.
The quokka is moderately wounded.
The quokka closely misses you.
You hear some strange, mumbled words.
You are confused.
The quokka bites you.
You are too confused!
You are too confused!
You are too confused!
You are too confused!
You are too confused!
You are too confused!
You are too confused!
You are too confused!
You are too confused!
You bump into the rock wall.
Something hits you! The quokka barely misses you.
You feel very mighty all of a sudden.
The quokka bites you but does no damage.
You see here a rat corpse.
You slash the quokka!
You kill the quokka!
Something hits you!
* * * LOW HITPOINT WARNING * * *
You bump into the rock wall.
You feel less confused.
You hear some strange, mumbled words.
You are confused.
Something hits you.
* * * LOW HITPOINT WARNING * * *
You see here a rat corpse.
You see here a quokka corpse.
You barely miss something. Something hits you!!
Ouch! That really hurt!
You die...

#######.## ..........
.#######.## ### ##. #.##
..# .. ####.## #<##.#
.(..## # #.#..# ..####
##?####.#..###. #. #
#....†@{....... #. #
#...######....^...###.####
# #.####..........< # #.#
######.####
#.############.# #.
#...#..........# #.
#.........####.# #.
#...#.###.# #.# #. #..##.#
#.####.# #.


There were no monsters in sight!

Vanquished Creatures
  An orc (D:2)
  A ball python (D:1)
  5 bats
  5 endoplasms
  2 hobgoblins
  3 quokkas
  2 frilled lizards
  2 kobolds (D:1)
  3 rats
24 creatures vanquished.

Notes
Turn   | Place    | Note
-------+----------+-------------------------------------------
     0 | D:1      | sircluck the Hill Orc Fighter began the quest for the Orb.
     0 | D:1      | Reached XP level 1. HP: 19/19 MP: 1/1
   290 | D:1      | Reached XP level 2. HP: 27/27 MP: 2/2
   447 | D:1      | Found a faded altar of an unknown god.
   725 | D:2      | Noticed Sigmund
  1024 | D:2      | Reached XP level 3. HP: 26/33 MP: 3/3
  1194 | D:2      | Demolished by Sigmund

Illustrated notes

Levels and vault maps discovered:
D:1:      grunt_arrival_crossed_arrows, layout_loops_corners,
          shapermc_ecumenical_altar_petra, kennysheep_decorative_pillar,
          hangedman_decor_lopped
D:2:      layout_loops_ring, hangedman_decor_growths, uniq_sigmund

Skill      XL: |  1  2 |
---------------+-------+-----
Axes           | 3 |  3.1
Fighting       | |  3.9
Armour         | |  3.8
Shields        | |  3.6

Action                     || total
---------------------------++-------
  Melee: War axe           ||    75
    Use: Potion            ||     1
 Armour: Scale mail        ||    33
  Dodge: Dodged            ||    44
  Block: Buckler           ||    24

Table legend: (Time is in decaauts)
 A = Elapsed time spent in this place.
 B = Non-inter-level travel time spent in this place.
 C = Inter-level travel time spent in this place.
 D = Time resting spent in this place.
 E = Time spent auto-exploring this place.
 F = Levels seen in this place.
 G = Mean time per level.
                   A        B        C        D        E       F      G
               +--------+--------+--------+--------+--------+-----+--------+
         Total |   1224 |   1124 |    100 |      0 |    743 |   2 |  612.0 |
       Dungeon |   1224 |   1124 |    100 |      0 |    743 |   2 |  612.0 |
               +--------+--------+--------+--------+--------+-----+--------+

Top non-repeatable levels by time:
     D:1: 836 daAuts
     D:2: 387 daAuts
